SAA
PHOENIX HOTSPUR YOUTH @ DURHAM RAPIERS
05/12/2026
 
TOP OF THE 1ST
Phoenix Hotspur Youth batting - Pitching for Durham Rapiers : RHP Mack MacDonald
Pitching: RHP Mack MacDonald
Batting: RHB David Rivas 0-0: Ball
1-0: Foul Ball, location: 2F
1-1: Fly out, F8 (Flyball, 8LXD)
Batting: RHB Carl Tucker 0-0: Ball
1-0: Ball
2-0: Ball
3-0: Base on Balls
Batting: LHB Roberto Fierro 0-0: Foul Ball, location: 2F
0-1: Ball
1-1: Foul Ball, location: 2F
1-2: Foul Ball, location: 2F
1-2: Fly out, F7 (Flyball, 7LM)
Batting: RHB Rubén Andrada 0-0: Called Strike
0-1: Swinging Strike
0-2: Ball
1-2: Strikes out swinging
Top of the 1st over - 0 run(s), 0 hit(s), 0 error(s), 1 left on base; Phoenix Hotspur 0 - Durham 0
BOTTOM OF THE 1ST
Durham Rapiers batting - Pitching for Phoenix Hotspur Youth : RHP John Ball
Pitching: RHP John Ball
Batting: RHB Sean Godron 0-0: Called Strike
0-1: Ball
1-1: SINGLE (Line Drive, 6M)
Batting: RHB Santo Alba 0-0: Foul Ball, location: 2F
0-1: Fielders Choice at 2nd, 6-4 (Groundball, 6)
Batting: LHB Jesús Morales 0-0: Swinging Strike
0-1: Hit by Pitch
Santo Alba to second
Batting: RHB Miguel Canales 0-0: Called Strike
0-1: Fielders Choice at 2nd, 5-4 (Groundball, 56)
Santo Alba to third
Batting: RHB Vincent Klein 0-0: Ball
1-0: Ball
2-0: SINGLE (Groundball, 56D)
Santo Alba scores
Miguel Canales to second
Batting: LHB Jesús Aguilar 0-0: Fly out, F7 (Flyball, 7D)
Bottom of the 1st over - 1 run(s), 2 hit(s), 0 error(s), 2 left on base; Phoenix Hotspur 0 - Durham 1
TOP OF THE 2ND
Phoenix Hotspur Youth batting - Pitching for Durham Rapiers : RHP Mack MacDonald
Batting: RHB Juan Rivera 0-0: Called Strike
0-1: Swinging Strike
0-2: Strikes out swinging
Batting: LHB Richard Alpert 0-0: SINGLE (Groundball, 34D)
Batting: RHB Edolf Middehof 0-0: Called Strike
0-1: Grounds into double play, 6-4-3 (Groundball, 6)
Top of the 2nd over - 0 run(s), 1 hit(s), 0 error(s), 0 left on base; Phoenix Hotspur 0 - Durham 1
BOTTOM OF THE 2ND
Durham Rapiers batting - Pitching for Phoenix Hotspur Youth : RHP John Ball
Batting: RHB Luis Dávila 0-0: Called Strike
0-1: Fly out, F3 (Popup, 3S)
Batting: LHB Rick Mayfield 0-0: SINGLE (Line Drive, 9LS)
Batting: RHB António Díaz 0-0: Foul Ball, location: 2F
0-1: Ground out 5-3 (Groundball, 56S)
Rick Mayfield to second
Batting: RHB Sean Godron 0-0: Called Strike
0-1: Swinging Strike
0-2: Strikes out looking
Bottom of the 2nd over - 0 run(s), 1 hit(s), 0 error(s), 1 left on base; Phoenix Hotspur 0 - Durham 1
TOP OF THE 3RD
Phoenix Hotspur Youth batting - Pitching for Durham Rapiers : RHP Mack MacDonald
Batting: RHB Juan Román 0-0: Ball
1-0: Swinging Strike
1-1: Foul Ball, location: 2F
1-2: Ground out 6-3 (Groundball, 6S)
Batting: RHB Enrico Sánchez 0-0: Ball
1-0: Ground out 5-3 (Groundball, 5)
Batting: RHB David Rivas 0-0: Ball
1-0: Ball
2-0: Ball
3-0: Base on Balls
Batting: RHB Carl Tucker 0-0: Foul Ball, location: 2F
0-1: Called Strike
David Rivas is caught stealing 2nd base
Top of the 3rd over - 0 run(s), 0 hit(s), 0 error(s), 0 left on base; Phoenix Hotspur 0 - Durham 1
BOTTOM OF THE 3RD
Durham Rapiers batting - Pitching for Phoenix Hotspur Youth : RHP John Ball
Batting: RHB Santo Alba 0-0: Called Strike
0-1: Ball
1-1: Foul Ball, location: 2F
1-2: SINGLE (Groundball, 56D)
Batting: LHB Jesús Morales 0-0: Called Strike
0-1: Ball
1-1: Foul Ball, location: 2F
1-2: Strikes out swinging
Batting: RHB Miguel Canales 0-0: Called Strike
0-1: Ball
1-1: Fly out, F8 (Flyball, 8LS)
Batting: RHB Vincent Klein 0-0: Ball
1-0: Ball
2-0: Foul Ball, location: 2F
2-1: SINGLE (Flyball, 89S)
Santo Alba to second
Runner from 2nd tries for 3rd, SAFE, throw made to third
Batting: LHB Jesús Aguilar 0-0: Swinging Strike
0-1: Ball
1-1: Swinging Strike
1-2: Strikes out swinging
Bottom of the 3rd over - 0 run(s), 2 hit(s), 0 error(s), 2 left on base; Phoenix Hotspur 0 - Durham 1
TOP OF THE 4TH
Phoenix Hotspur Youth batting - Pitching for Durham Rapiers : RHP Mack MacDonald
Batting: RHB Carl Tucker 0-0: Called Strike
0-1: Ball
1-1: Foul Ball, location: 2F
1-2: Ball
2-2: Strikes out swinging
Batting: LHB Roberto Fierro 0-0: Called Strike
0-1: Ball
1-1: Ball
2-1: Ball
3-1: Base on Balls
Batting: RHB Rubén Andrada 0-0: Ball
1-0: Foul Ball, location: 2F
1-1: Grounds into double play, 1-6-3 (Groundball, P)
Top of the 4th over - 0 run(s), 0 hit(s), 0 error(s), 0 left on base; Phoenix Hotspur 0 - Durham 1
BOTTOM OF THE 4TH
Durham Rapiers batting - Pitching for Phoenix Hotspur Youth : RHP John Ball
Batting: RHB Luis Dávila 0-0: Called Strike
0-1: Ball
1-1: Ball
2-1: Ground out 5-3 (Groundball, 56S)
Batting: LHB Rick Mayfield 0-0: SINGLE (Groundball, 34D)
Batting: RHB António Díaz 0-0: Ball
1-0: Ball
2-0: Ball
3-0: Base on Balls
Rick Mayfield to second
Batting: RHB Sean Godron 0-0: Called Strike
Rick Mayfield steals 3rd base
António Díaz to second
0-1: Ball
1-1: Foul Ball, location: 2F
1-2: Ball
2-2: Foul Ball, location: 2F
2-2: Foul Ball, location: 2F
2-2: DOUBLE (Line Drive, 7LD)
Rick Mayfield scores
António Díaz scores
Batting: RHB Santo Alba 0-0: Called Strike
0-1: Ball
1-1: Ball
2-1: Swinging Strike
2-2: Strikes out swinging
Batting: LHB Jesús Morales 0-0: Foul Ball, location: 2F
0-1: Ground out U3 (Groundball, 34S)
Bottom of the 4th over - 2 run(s), 2 hit(s), 0 error(s), 1 left on base; Phoenix Hotspur 0 - Durham 3
TOP OF THE 5TH
Phoenix Hotspur Youth batting - Pitching for Durham Rapiers : RHP Mack MacDonald
Batting: RHB Juan Rivera 0-0: Called Strike
0-1: Ball
1-1: Called Strike
1-2: Strikes out swinging
Batting: LHB Richard Alpert 0-0: Ball
1-0: Swinging Strike
1-1: Foul Ball, location: 2F
1-2: Ball
2-2: Strikes out swinging
Batting: RHB Edolf Middehof 0-0: Called Strike
0-1: Ball
1-1: Swinging Strike
1-2: Strikes out swinging
Top of the 5th over - 0 run(s), 0 hit(s), 0 error(s), 0 left on base; Phoenix Hotspur 0 - Durham 3
BOTTOM OF THE 5TH
Durham Rapiers batting - Pitching for Phoenix Hotspur Youth : RHP John Ball
Batting: RHB Miguel Canales 0-0: Called Strike
0-1: Ball
1-1: Called Strike
1-2: Foul Ball, location: 2F
1-2: Fly out, F7 (Flyball, 7LS)
Batting: RHB Vincent Klein 0-0: Foul Ball, location: 2F
0-1: Ball
1-1: Ball
2-1: Ball
3-1: SINGLE (Line Drive, 8LS)
Batting: LHB Jesús Aguilar 0-0: Called Strike
0-1: Swinging Strike
0-2: Fly out, F7 (Flyball, 7LS)
Batting: RHB Luis Dávila 0-0: Called Strike
0-1: Ball
1-1: Foul Ball, location: 2F
1-2: Ball
2-2: Foul Ball, location: 2F
2-2: Ground out 5-3 (Groundball, 56S)
Bottom of the 5th over - 0 run(s), 1 hit(s), 0 error(s), 1 left on base; Phoenix Hotspur 0 - Durham 3
TOP OF THE 6TH
Phoenix Hotspur Youth batting - Pitching for Durham Rapiers : RHP Mack MacDonald
Batting: RHB Juan Román 0-0: Ball
1-0: Foul Ball, location: 2F
1-1: Fly out, F8 (Flyball, 89M)
Batting: RHB Enrico Sánchez 0-0: Ball
1-0: Swinging Strike
1-1: Foul Ball, location: 2F
1-2: Strikes out looking
Batting: RHB David Rivas 0-0: Swinging Strike
0-1: Called Strike
0-2: Ball
1-2: Ground out 6-3 (Groundball, 6)
Top of the 6th over - 0 run(s), 0 hit(s), 0 error(s), 0 left on base; Phoenix Hotspur 0 - Durham 3
BOTTOM OF THE 6TH
Durham Rapiers batting - Pitching for Phoenix Hotspur Youth : RHP John Ball
Batting: LHB Rick Mayfield 0-0: Fly out, F1 (Line Drive, 15)
Batting: RHB António Díaz 0-0: Ball
1-0: Swinging Strike
1-1: Ball
2-1: Ball
3-1: Foul Ball, location: 2F
3-2: Base on Balls
Pitching: RHP Derrick Hopkins
Batting: RHB Sean Godron 0-0: Ball
António Díaz is caught stealing 2nd base
1-0: SINGLE (Groundball, 56D)
Batting: RHB Santo Alba 0-0: Ball
1-0: Ball
2-0: Fielders Choice at 2nd, 6-4 (Groundball, 6)
Bottom of the 6th over - 0 run(s), 1 hit(s), 0 error(s), 0 left on base; Phoenix Hotspur 0 - Durham 3
TOP OF THE 7TH
Phoenix Hotspur Youth batting - Pitching for Durham Rapiers : RHP Mack MacDonald
Batting: RHB Carl Tucker 0-0: Called Strike
0-1: Ball
1-1: Swinging Strike
1-2: Foul Ball, location: 2F
1-2: Strikes out looking
Batting: LHB Roberto Fierro 0-0: Ball
1-0: Swinging Strike
1-1: Called Strike
1-2: Ball
2-2: Strikes out looking
Batting: RHB Rubén Andrada 0-0: Ball
1-0: SINGLE (Groundball, 6MD)
Batting: RHB Juan Rivera 0-0: Swinging Strike
0-1: Ball
1-1: Foul Ball, location: 2F
1-2: Ball
2-2: Strikes out swinging
Top of the 7th over - 0 run(s), 1 hit(s), 0 error(s), 1 left on base; Phoenix Hotspur 0 - Durham 3
BOTTOM OF THE 7TH
Durham Rapiers batting - Pitching for Phoenix Hotspur Youth : RHP Derrick Hopkins
Batting: LHB Jesús Morales 0-0: Ball
1-0: Foul Ball, location: 2F
1-1: Ball
2-1: Ball
3-1: Foul Ball, location: 2F
3-2: Base on Balls
Batting: RHB Miguel Canales 0-0: Ball
1-0: Ball
2-0: Foul Ball, location: 2F
2-1: Foul Ball, location: 2F
2-2: SINGLE (Groundball, 56D)
Jesús Morales to second
Batting: RHB Vincent Klein 0-0: Fly out, F8 (Flyball, 89S)
Batting: LHB Jesús Aguilar 0-0: Ball
1-0: Fly out, F6 (Line Drive, 6M)
Batting: RHB Luis Dávila 0-0: Foul Ball, location: 2F
0-1: Ball
1-1: Foul Ball, location: 2F
1-2: Ground out 5-3 (Groundball, 56S)
Bottom of the 7th over - 0 run(s), 1 hit(s), 0 error(s), 2 left on base; Phoenix Hotspur 0 - Durham 3
TOP OF THE 8TH
Phoenix Hotspur Youth batting - Pitching for Durham Rapiers : RHP Mack MacDonald
Batting: LHB Richard Alpert 0-0: Swinging Strike
0-1: Ball
1-1: Called Strike
1-2: Ground out 5-3 (Groundball, 56)
Batting: RHB Edolf Middehof 0-0: Ball
1-0: Foul Ball, location: 2F
1-1: Swinging Strike
1-2: Ball
2-2: Ball
3-2: Foul Ball, location: 2F
3-2: Foul Ball, location: 2F
3-2: SINGLE (Groundball, 56D)
Batting: RHB Juan Román 0-0: Called Strike
0-1: Ball
1-1: Fly out, F7 (Flyball, 7S)
Batting: RHB Enrico Sánchez 0-0: Ball
1-0: Foul Ball, location: 2F
1-1: Foul Ball, location: 2F
1-2: Strikes out swinging
Top of the 8th over - 0 run(s), 1 hit(s), 0 error(s), 1 left on base; Phoenix Hotspur 0 - Durham 3
BOTTOM OF THE 8TH
Durham Rapiers batting - Pitching for Phoenix Hotspur Youth : RHP Derrick Hopkins
Batting: LHB Rick Mayfield 0-0: Ball
1-0: Ball
2-0: Ground out U3 (Groundball, 3S)
Batting: RHB António Díaz 0-0: Ball
1-0: Fly out, F8 (Flyball, 78M)
Batting: RHB Sean Godron 0-0: Ball
1-0: Ball
2-0: Ground out 4-3 (Groundball, 4M)
Bottom of the 8th over - 0 run(s), 0 hit(s), 0 error(s), 0 left on base; Phoenix Hotspur 0 - Durham 3
TOP OF THE 9TH
Phoenix Hotspur Youth batting - Pitching for Durham Rapiers : RHP Mack MacDonald
Pitching: LHP Jim Unknown
Batting: RHB David Rivas 0-0: Fly out, F8 (Flyball, 8RS)
Batting: RHB Carl Tucker 0-0: Ground out U3 (Groundball, 34)
Batting: LHB Roberto Fierro 0-0: Called Strike
0-1: Ball
1-1: Ground out 3-1 (Groundball, 34)
Top of the 9th over - 0 run(s), 0 hit(s), 0 error(s), 0 left on base; Phoenix Hotspur 0 - Durham 3
Monday, March 20th, 2017 - OOTP Baseball 17.12 Build 75